[Event "*** Titled Tuesday Blitz"]
[Site "Chess.com"]
[Date "2018.06.05"]
[Round "9"]
[White "Shant_Sargsyan"]
[Black "Fins0905"]
[Result "1-0"]
[WhiteElo "2885"]
[BlackElo "2599"]
[TimeControl "180+2"]
[EndTime "15:11:08 PDT"]
[Termination "Shant_Sargsyan won by resignation"]

1. Nf3 d5 2. d4 Nf6 3. c4 c6 4. Nc3 dxc4 5. a4 Bf5 6. Ne5 e6 7. f3 Bb4 8. Nxc4 Bg6 9. Kf2 Nbd7 10. e4 Qc7 11. Be3 O-O 12. Be2 Bxc3 13. bxc3 Bxe4 14. fxe4 Nxe4+ 15. Kg1 Nxc3 16. Qd2 Nd5 17. h4 Rad8 18. Rh3 c5 19. Rd1 cxd4 20. Bxd4 b6 21. Bf1 h6 22. Qf2 N7f6 23. Rg3 Kh8 24. Ne3 e5 25. Bb2 Ne4 26.
Qf3 Nxg3 27. Qxg3 Qc5 28. Bc1 f5 29. Qf2 f4 30. Nxd5 Rxd5 31. Qxc5 Rxc5 32. Ba3 e4 33. Bxc5 bxc5 34. Rc1 Rf5 35. Rc4 Re5 36. Kf2 g5 37. hxg5 hxg5 38. Be2 Kg7 39. a5 Kf6 40. a6 Ke6 41.
Rc1 Kf5 42. Rb1 g4 43. Rb7 f3 44. gxf3 exf3 45. Bf1 Re6 46. Rf7+ Ke4 47. Rxa7 Rf6 48. Kg3 Kd4 49. Rd7+ Kc3 50. a7 Rf8 51. Rc7 Kb4 52.
Rb7+ Kc3 53. Rb8 1-0

[Event "*** Titled Tuesday Blitz"]
[Site "Chess.com"]
[Date "2018.06.05"]
[Round "9"]
[White "Andreikka"]
[Black "kuli4ik"]
[Result "0-1"]
[WhiteElo "2788"]
[BlackElo "2719"]
[TimeControl "180+2"]
[EndTime "15:11:16 PDT"]
[Termination "kuli4ik won on time"]

1. d4 d5 2. Nf3 Nf6 3. Bf4 Bf5 4. e3 e6 5. c4 c6 6. Nc3 Be7 7. Qb3 Qc8 8. h3 Nbd7 9. Rc1 O-O 10. Be2 h6 11. O-O Nb6 12. c5 Nbd7 13. Qd1 b5 14.
Bd3 Bxd3 15. Qxd3 a5 16. b3 Bd8 17. Qe2 Bc7 18. Rfe1 Re8 19. Qd3 Qb8 20. Bxc7 Qxc7 21. e4 dxe4 22. Nxe4 Nxe4 23. Qxe4 Rad8 24. a4 Nf6 25.
Qe5 Qb7 26. axb5 Qxb5 27. Ra1 Ra8 28. Nd2 Red8 29. Qe3 Nd5 30. Qg3 Nb4 31. Ne4 Rxd4 32. Rad1 Rxd1 33. Rxd1 Nd5 34. Rd3 Qb4 35. f3 Qb8 36. Qd6 Qb5 37. Rd2 a4 38. bxa4 Qxa4 39. Kh2 Qb5 40. Qe5 Qb8 41. Nd6 Qc7 42. Rb2 Rb8 43.
Ra2 Ne7 44. Qa1 Nc8 45. Qe5 Nxd6 46. cxd6 Qd7 47. Rd2 Rb5 48. Qa1 Rb8 49. Qa6 Rd8 50. Qc4 g6 51. Qc5 Qb7 52. Rc2 Qb8 53. Rd2 Qb5 54.
Qe3 Qg5 55. f4 Qa5 56. Qe5 Qxd2 0-1

[Event "*** Titled Tuesday Blitz"]
[Site "Chess.com"]
[Date "2018.06.05"]
[Round "9"]
[White "asms9699"]
[Black "Next_Touch"]
[Result "1/2-1/2"]
[WhiteElo "2483"]
[BlackElo "2696"]
[TimeControl "180+2"]
[EndTime "15:11:24 PDT"]
[Termination "Game drawn by stalemate"]

1. c4 Nf6 2. g3 e6 3. Bg2 d5 4.
Nf3 dxc4 5. O-O a6 6. a4 Nbd7 7. Qc2 Be7 8. Qxc4 b5 9. Qb3 Nc5 10. Qc2 Bb7 11. axb5 axb5 12. Rxa8 Qxa8 13. Na3 b4 14.
Nc4 O-O 15. d3 b3 16. Qd1 Bd5 17. Be3 Rd8 18. Bxc5 Bxc5 19. Qxb3 Rb8 20. Qc2 Bf8 21. Nh4 Qb7 22. e4 Bxc4 23. Qxc4 Qxb2 24. Qxc7 Rb7 25.
Qc6 Rb6 26. Qc1 Qd4 27. Rd1 Bc5 28. Rd2 Ng4 29. Nf3 Qd6 30. h3 Nxf2 31. d4 Nxh3+ 32. Bxh3 Qxg3+ 33. Bg2 Bf8 34. Qe1 Qf4 35. Kf2 Rb3 36.
Qe2 g5 37. Rd3 Rb1 38. Qe3 Qxe3+ 39. Kxe3 h6 40. d5 exd5 41. exd5 Bd6 42. Nd4 Bf4+ 43.
Kf3 Be5 44. Nf5 Rb4 45. Ke2 Rf4 46. Bh3 g4 47. Bxg4 h5 48. Ne7+ Kg7 49. Nc6 Rxg4 50. d6 Bxd6 51. Rxd6 Rg6 52. Rxg6+ fxg6 53. Kf3 Kf6 54. Nd4 Ke5 55. Ne2 Kf5 56. Ng3+ Kg5 57. Ne4+ Kh4 58. Kf4 g5+ 59. Nxg5 1/2-1/2

[Event "*** Titled Tuesday Blitz"]
[Site "Chess.com"]
[Date "2018.06.05"]
[Round "9"]
[White "Morshynska"]
[Black "Galileo22"]
[Result "1-0"]
[WhiteElo "2238"]
[BlackElo "2334"]
[TimeControl "180+2"]
[EndTime "15:11:30 PDT"]
[Termination "Morshynska won by checkmate"]

1. d4 Nf6 2. c4 g6 3. Nf3 Bg7 4. g3 d6 5. Bg2 O-O 6. O-O Nbd7 7.
Nc3 e5 8. h3 c6 9. Be3 Re8 10. dxe5 dxe5 11. Qc1 Qe7 12. Rd1 a6 13. Kh2 Rb8 14. a3 e4 15. Nd2 b5 16. cxb5 cxb5 17. Ndxe4 Nxe4 18. Nxe4 Bb7 19. Nd6 Bxg2 20. Nxe8 Ba8 21. Nxg7 Kxg7 22. Qd2 Nf6 23. Qd4 Qb7 24. f3 Re8 25. Rd2 Re6 26. Rc1 Qe7 27. Rc3 h6 28.
Qc5 Qe8 29. Kg2 Kh7 30. Kf2 Nh5 31. Qd4 Qb8 32. Bf4 Nxf4 33. Qxf4 Qe8 34. Qd4 Bc6 35. Re3 Rxe3 36. Qxe3 Qf8 37. Qe5 Bb7 38. Qd6 Qc8 39.
Kg2 Kg7 40. Qd4+ Kh7 41. h4 Kg8 42. h5 gxh5 43. Qe5 Bc6 44. Qf6 Bxf3+ 45. Qxf3 Qe6 46. Qf4 Kg7 47. Qd4+ Kg6 48. Qd3+ Kg7 49. Qf3 h4 50.
gxh4 Qc4 51. Rd3 a5 52. Qg3+ Kf6 53. Rd6+ Ke7 54. Qe5+ Kf8 55. Rd8# 1-0

[Event "*** Titled Tuesday Blitz"]
[Site "Chess.com"]
[Date "2018.06.05"]
[Round "9"]
[White "Tibmat"]
[Black "comedy_of_errors"]
[Result "1/2-1/2"]
[WhiteElo "2408"]
[BlackElo "2575"]
[TimeControl "180+2"]
[EndTime "15:11:33 PDT"]
[Termination "Game drawn by agreement"]

1. Nf3 Nf6 2. c4 g6 3. b3 Bg7 4.
Bb2 O-O 5. g3 b6 6. Bg2 Bb7 7. Kf1 c5 8. d4 cxd4 9. Qxd4 d6 10. Nc3 Nbd7 11. h3 Rc8 12. Rc1 a6 13. Kg1 Rc7 14. Kh2 Qa8 15. Nh4 Ne4 16. Qe3 Nxc3 17.
Bxc3 Bxc3 18. Rxc3 Nf6 19. Qxb6 Bxg2 20. Nxg2 Nd5 21.
Qd4 Nxc3 22. Qxc3 Qe4 23. Ne3 Rc5 24. Rd1 h5 25. Rd4 Qb1 26. Rd2 a5 27. Nd5 Re8 28. Kg2 Qe4+ 29. f3 Qf5 30. e4 Qg5 31. a3 h4 32. g4 Qe5 33. Qxe5 dxe5 34. Rc2 Kf8 35. b4 axb4 36. axb4 Rc6 37. c5 Rb8 38. Rc4 Ke8 39. Kf2 Kd8 40. Ke3 Ra6 41. Kd3 Ra3+ 42. Rc3 Rxc3+ 43.
Kxc3 e6 44. Nb6 Kc7 45. Kc4 f5 46. b5 fxg4 47. fxg4 Rf8 48. Kb4 Rf3 49. Nc4 Rxh3 50. b6+ Kb7 51. Nxe5 Rh1 52. Ka5 Ra1+ 53. Kb5 Rb1+ 54.
Ka5 Rc1 55. c6+ Rxc6 56. Nxc6 Kxc6 57. Ka6 h3 58. b7 h2 59. b8=Q h1=Q 60. Qb6+ Kd7 61.
Qd4+ Ke7 62. Qg7+ Kd6 63. Qd4+ Ke7 64. Qg7+ Kd6 65. Qd4+ 1/2-1/2

[Event "*** Titled Tuesday Blitz"]
[Site "Chess.com"]
[Date "2018.06.05"]
[Round "9"]
[White "dretch"]
[Black "gkchesstiger"]
[Result "1/2-1/2"]
[WhiteElo "2758"]
[BlackElo "2794"]
[TimeControl "180+2"]
[EndTime "15:11:53 PDT"]
[Termination "Game drawn by agreement"]

1. d4 d5 2. c4 c6 3. Nc3 Nf6 4. e3 g6 5. Nf3 Bg7 6. h3 O-O 7. Bd3 Qb6 8. O-O Be6 9. Na4 Qd8 10.
Nc5 Bc8 11. cxd5 cxd5 12. b3 Nfd7 13. Qc2 Nc6 14. Ba3 Qa5 15. Qc1 Nb4 16. Bxb4 Qxb4 17. a3 Qb6 18. b4 Qd6 19. Ra2 b6 20. Na6 Bb7 21. Nc7 Rac8 22. Rc2 e5 23. Nb5 Qb8 24. dxe5 Nxe5 25. Nxe5 Bxe5 26. Rd1 Rxc2 27. Qxc2 Rc8 28. Qb3 a6 29. Nd4 Bxd4 30. exd4 Qc7 31. Qb1 Qc3 32.
a4 Rc7 33. Bf1 Bc8 34. Bd3 Bd7 35. a5 b5 36. Kh1 Kg7 37. Kg1 Be6 38. Kh2 Qxd4 39.
Kg1 Qc3 40. Bf1 Bf5 41. Bd3 Bxd3 42. Rxd3 Qc1+ 43. Qxc1 Rxc1+ 44. Kh2 Rc4 45. Rxd5 Rxb4 46. Rd6 Rf4 47. Rxa6 Rxf2 48. Rb6 Rb2 49. h4 f5 50. h5 Kh6 51. hxg6 hxg6 52. Kh3 Kg5 53. a6 Ra2 54. g3 Ra5 55. a7 Rxa7 56. Rxb5 Ra2 57. Rb4 Rf2 58. Ra4 Kh5 59. Rh4+ Kg5 60. Ra4 Re2 61. Rb4 Kf6 62. g4 Re4 63. Rb6+ Re6 64. Rb4 1/2-1/2

[Event "*** Titled Tuesday Blitz"]
[Site "Chess.com"]
[Date "2018.06.05"]
[Round "9"]
[White "Beca95"]
[Black "Grandelicious"]
[Result "0-1"]
[WhiteElo "2758"]
[BlackElo "2684"]
[TimeControl "180+2"]
[EndTime "15:11:56 PDT"]
[Termination "Grandelicious won on time"]

1. d4 Nf6 2. c4 e6 3. Nc3 Bb4 4.
Qc2 d5 5. cxd5 exd5 6. Bg5 Nc6 7.
e3 h6 8. Bxf6 Qxf6 9. Bd3 O-O 10.
Ne2 Be6 11. O-O a6 12. a3 Bd6 13. Ng3 Ne7 14. b4 Rae8 15. b5 a5 16. a4 g6 17.
Rad1 h5 18. Nge2 Qg7 19. e4 dxe4 20. Nxe4 Nd5 21. h3 Nb4 22. Qb1 Nxd3 23. Qxd3 Bf5 24. f3 h4 25. N2c3 Bb4 26. Qc4 Bxc3 27. Nxc3 Qh6 28. f4 Kh8 29. d5 Qg7 30. Rde1 Qf6 31.
Kf2 Kg7 32. Rd1 Qb6+ 33. Qd4+ Qxd4+ 34. Rxd4 Rd8 35. Rc1 c6 36. d6 c5 37. Rd2 c4 38.
Rd4 Rd7 39. b6 Rc8 40. Nb5 Rc6 41. Rcxc4 Rxb6 42. Ke3 Rc6 43. Rxc6 bxc6 44. Nc7 f6 45.
Na6 Kf7 46. Nc5 Rd8 47. Rd2 Be6 48. Rb2 Rxd6 49. Rb7+ Kg8 50. Rb8+ Kg7 51. Ra8 Bd5 52. Kf2 Bc4 53. Rxa5 Rd2+ 54. Kg1 Bd5 55. Ra7+ Kh6 56. a5 Rxg2+ 57. Kf1 Ra2 58. a6 Bg2+ 59. Kg1 Bxh3 60. Ra8 Bf5 61. a7 Kg7 62. Nb3 h3 63. Nc5 h2+ 64. Kh1 Bg4 0-1

[Event "*** Titled Tuesday Blitz"]
[Site "Chess.com"]
[Date "2018.06.05"]
[Round "9"]
[White "1e41-0"]
[Black "Zufi1811"]
[Result "0-1"]
[WhiteElo "2415"]
[BlackElo "2466"]
[TimeControl "180+2"]
[EndTime "15:12:01 PDT"]
[Termination "Zufi1811 won by resignation"]

1. Nf3 Nf6 2. g3 g6 3. Bg2 Bg7 4. O-O O-O 5. d3 d5 6. Nbd2 Nc6 7. e4 e5 8. exd5 Nxd5 9. Re1 h6 10. Nc4 Re8 11. Bd2 Bg4 12. h3 Bf5 13. Rb1 g5 14. b4 e4 15. Nh2 Nc3 16. Bxc3 Bxc3 17. Re3 exd3 18. cxd3 Rxe3 19. Nxe3 Bg6 20. b5 Ne5 21. Bxb7 Rb8 22. Be4 Bxe4 23. dxe4 Qxd1+ 24. Nxd1 Bd4 25. Kg2 a6 26. a4 c6 27. Rb4 Bc5 28. Rb2 cxb5 29. axb5 Rxb5 30. Ra2 a5 31.
Nc3 Rb3 32. Nd5 Ra3 33. Rc2 Bd4 34. Nf1 Kg7 35. Nfe3 Bxe3 36. Nxe3 a4 37. Rc5 Nd3 38. Rc6 Ra2 39. Nf5+ Kh7 40. Rxh6+ Kg8 41. Ra6 Rxf2+ 42. Kg1 Ra2 43. h4 gxh4 44. gxh4 a3 45. h5 Nb4 46.
Ra8+ Kh7 47. Ra7 Ra1+ 48. Kg2 a2 49. Rxf7+ Kg8 50. Rg7+ Kh8 51. Ra7 Rb1 52. Ra8+ Kh7 53. Ra7+ Kg8 54. Ra8+ Kf7 55. Ra7+ Kf6 56. h6 a1=Q 57.
Rxa1 Rxa1 58. h7 Ra8 59. Kf3 Rh8 60. Kf4 Nd3+ 61. Ke3 Ne5 62. Kf4 Rxh7 63. Ne3 Rh4+ 64. Kg3 Rxe4 65. Nd5+ Kg5 66. Kf2 Rd4 67. Ne3 Ng4+ 68.
Kf3 Rd3 69. Kg2 Rxe3 0-1

[Event "*** Titled Tuesday Blitz"]
[Site "Chess.com"]
[Date "2018.06.05"]
[Round "9"]
[White "SCIM"]
[Black "IMAghasiyevKamal"]
[Result "0-1"]
[WhiteElo "2407"]
[BlackElo "2485"]
[TimeControl "180+2"]
[EndTime "15:12:03 PDT"]
[Termination "IMAghasiyevKamal won on time"]

1. d4 Nf6 2. c4 g6 3. Nc3 Bg7 4. e4 O-O 5. f3 d6 6. Bg5 Nc6 7. Nge2 a6 8. Qd2 Rb8 9. Rc1 b6 10. Nd1 e5 11. d5 Ne7 12. Nf2 h5 13. Nc3 Nh7 14. Be3 f5 15. Nd3 f4 16. Bf2 g5 17.
Be2 g4 18. Kd1 c5 19. b3 b5 20. Nb2 Bd7 21. Kc2 Ng6 22. Qd1 Nf6 23. Re1 Rf7 24.
Kb1 Bh6 25. Rc2 Qa5 26. Qd2 Bg5 27. Ka1 Rg7 28. Nb1 b4 29. a4 Qd8 30. Rg1 Nh7 31.
Qe1 Qe7 32. Nd2 Rf8 33. Qd1 g3 34. hxg3 fxg3 35. Bxg3 Be3 36. Rh1 Nf4 37. Nf1 Bd4 38. Bxf4 exf4 39. Rxh5 Rxg2 40. Rd2 Qg7 41. Rh1 Bc3 42.
Rc2 Ng5 43. Kb1 Be5 44. Nd3 Rf7 45. Nxe5 Qxe5 46. Bd3 Rxc2 47. Bxc2 Rg7 48. Nd2 Qc3 49. Qe2 Qe3 50. Qd1 Nf7 51. Re1 Qc3 52. Rg1 Rxg1 53. Qxg1+ Kf8 54. Qh2 Ne5 55. Qxf4+ Ke8 56. Qg5 Qd4 57. Nf1 Qf2 58. Ne3 Nxf3 59. Qg6+ Kd8 60. Nf5 Qe1+ 61. Ka2 Qc3 0-1

[Event "*** Titled Tuesday Blitz"]
[Site "Chess.com"]
[Date "2018.06.05"]
[Round "9"]
[White "ENEASZ"]
[Black "GoingKronos"]
[Result "0-1"]
[WhiteElo "2490"]
[BlackElo "2352"]
[TimeControl "180+2"]
[EndTime "15:12:05 PDT"]
[Termination "GoingKronos won by checkmate"]

1. e4 e6 2. d4 d5 3. Bd3 c5 4. exd5 exd5 5. Nf3 c4 6. Be2 Nf6 7. O-O Bd6 8. b3 cxb3 9. axb3 O-O 10. c4 Nc6 11.
Nc3 Bg4 12. Be3 Re8 13. h3 Bh5 14. Re1 a6 15. c5 Bc7 16. b4 Nxb4 17. Qb1 a5 18.
Qb3 Bg6 19. Rec1 Ne4 20. Nxe4 Bxe4 21. Nd2 Bg6 22. Bf3 Qd7 23. Nb1 Be4 24. Bxe4 Rxe4 25. Nc3 Re6 26. Na2 Nxa2 27. Rxa2 h6 28. g3 Rb8 29. Kg2 Re4 30. Rac2 Qc6 31. Qd3 Rbe8 32. Rb1 h5 33. h4 Qg6 34. Re2 Qc6 35. Qb5 Qg6 36.
Qd3 Qc6 37. Qb5 a4 38. Qxc6 bxc6 39. Rb7 R4e7 40. Ra7 Rb8 41. Rxa4 Rb3 42. Ra6 Re6 43. Ra7 Bb8 44. Ra8 Kh7 45. Rea2 Rg6 46. Kf3 Rf6+ 47.
Kg2 Rg6 48. Kf3 Bxg3 49. fxg3 Rf6+ 50. Kg2 Rxe3 51. R8a6 Rg6 52. Kh2 Rd3 53. Rf2 f6 54. Rxc6 Rgxg3 55. Rc7 Kg6 56. Rd7 Rh3+ 57. Kg2 Rdg3+ 58.
Kf1 Rxh4 59. c6 Rc3 60. c7 Rxd4 61. Rg2+ Kf5 62. Rgxg7 Rdc4 63. Rh7 h4 64. Rxd5+ Ke4 65. Rd8 Kf3 66. Rf8 Rc1# 0-1

[Event "*** Titled Tuesday Blitz"]
[Site "Chess.com"]
[Date "2018.06.05"]
[Round "9"]
[White "Slovak_fighter2000"]
[Black "PowerThinking2650"]
[Result "1-0"]
[WhiteElo "2394"]
[BlackElo "2314"]
[TimeControl "180+2"]
[EndTime "15:12:10 PDT"]
[Termination "Slovak_fighter2000 won on time"]

1. Nf3 Nf6 2. g3 g6 3. Bg2 Bg7 4. O-O O-O 5. d4 d6 6. c4 Nbd7 7. Nc3 e5 8. Qc2 exd4 9. Nxd4 Re8 10. Rd1 c6 11. b3 Nc5 12. Bb2 Qe7 13. e4 Ng4 14. h3 Nh6 15. Kh2 f5 16. exf5 Nxf5 17. Nxf5 Bxf5 18. Qd2 Nd3 19. Na4 Nxb2 20. Nxb2 Qe2 21.
Bf1 Qxd2 22. Rxd2 Bc3 23. Rad1 Bxd2 24. Rxd2 Rad8 25. g4 Bc8 26. Bg2 Kg7 27. Kg3 g5 28. Nd1 Re1 29. Ne3 Kf6 30. Nc2 Rb1 31. Ne3 Ke5 32. Re2 Kd4 33. Rd2+ Kc3 34. Rc2+ Kb4 35. Rd2 Be6 36. Be4 h6 37. Bxb1 a5 38. Bf5 Bf7 39. f4 a4 40. Rd3 Ka3 41. bxa4+ Kxa2 42. c5 d5 43. fxg5 hxg5 44. h4 gxh4+ 45. Kxh4 Ra8 46. Rd4 Ra5 47. Bc8 Rxc5 48. Bxb7 Kb2 49. Kg5 Kc3 50. Nf5 Ra5 51. Bxc6 Be6 52. Rf4 d4 53. Bb5 d3 54. Rf3 Bc4 55. Bxc4 Kxc4 56. Kf4 Rxa4 57. Ne3+ Kc3+ 58. Kf5 d2 59. g5 Kd3 60. Rg3 Ke2 61. g6 Ra3 62. g7 Rxe3 63. Rg2+ Ke1 64. Rxd2 Rf3+ 65. Ke4 Rg3 66. Rd7 1-0

[Event "*** Titled Tuesday Blitz"]
[Site "Chess.com"]
[Date "2018.06.05"]
[Round "9"]
[White "petrpalachev"]
[Black "vugarrasulov"]
[Result "1-0"]
[WhiteElo "2739"]
[BlackElo "2757"]
[TimeControl "180+2"]
[EndTime "15:12:14 PDT"]
[Termination "petrpalachev won by resignation"]

1. d4 Nf6 2. c4 e6 3. Nf3 b6 4. g3 Ba6 5. b3 b5 6. cxb5 Bxb5 7. Nc3 Ba6 8. Bg2 c6 9. O-O d5 10. Bb2 Bd6 11. Re1 O-O 12. e4 Bb4 13. Nd2 Nbd7 14. a3 Ba5 15. b4 Bb6 16. e5 Ne8 17. Na4 Bb5 18. Nc5 Bxc5 19. dxc5 a5 20. Nb3 axb4 21.
axb4 Nc7 22. Nd4 Rxa1 23. Qxa1 Qa8 24. f4 Qb7 25. Bc3 Ra8 26. Qb2 Bc4 27. Ra1 Nb5 28.
Rxa8+ Qxa8 29. Nxb5 Bxb5 30. Qa1 Qxa1+ 31. Bxa1 Nb8 32.
Kf2 Na6 33. Bc3 Nc7 34. Ke3 Bc4 35. Bf3 Nb5 36. Bb2 Kf8 37. g4 Ke7 38. Bd1 f6 39.
exf6+ gxf6 40. g5 f5 41. Be5 Bf1 42. Bb2 Bh3 43. Ba4 Bf1 44. h4 Na7 45. h5 Nb5 46.
Be5 Kf7 47. Bf6 Bc4 48. Bd1 Bf1 49. Kd2 Bc4 50. Kc2 Na3+ 51. Kb2 Nb5 52. Be5 d4 53. Bf3 Bd5 54. Bxd5 exd5 55. Kc2 Nc3 56. Bxd4 Ne2 57. Be5 Ng3 58. b5 cxb5 59. c6 Ke6 60. g6 hxg6 61. hxg6 Nh5 62. c7 Kd7 63. Kc3 Kc8 64. Kb4 d4 65. g7 Nxg7 66. Bxg7 d3 67. Kc3 Kxc7 68.
Kxd3 Kc6 69. Kd4 Kd6 70. Bf8+ Ke6 71. Kc5 b4 72. Kxb4 Kd5 73. Bh6 Ke4 74. Bg5 Kd5 75.
Kb5 1-0

[Event "*** Titled Tuesday Blitz"]
[Site "Chess.com"]
[Date "2018.06.05"]
[Round "9"]
[White "Raja3401"]
[Black "ChrisTool2"]
[Result "1-0"]
[WhiteElo "2414"]
[BlackElo "2261"]
[TimeControl "180+2"]
[EndTime "15:12:16 PDT"]
[Termination "Raja3401 won by resignation"]

1. e4 c5 2. Nf3 e6 3. d4 cxd4 4. Nxd4 a6 5. c4 Qc7 6. Nc3 b6 7. Bd3 Bb7 8. O-O Nf6 9. Re1 d6 10. Be3 Nbd7 11. f3 Be7 12. Rc1 O-O 13. b4 Rac8 14.
Kh1 Rfe8 15. Bg1 Qb8 16. Bf1 h5 17. Nb3 h4 18. Na4 h3 19. gxh3 d5 20. cxd5 Bxb4 21. dxe6 Rxe6 22. Rxc8+ Qxc8 23. Re2 Ne5 24. Bg2 b5 25. Nac5 Re7 26. Nxb7 Rxb7 27. Nd4 Nh5 28. Rc2 Qd8 29. Qb1 Ba5 30. Be3 Bb6 31. Qa1 Rd7 32. Rd2 Nc4 33. Nc6 Bxe3 34. Nxd8 Rxd2 35. Nc6 Nf4 36.
Ne7+ Kf8 37. Nf5 Rxg2 38. Nxe3 Nxe3 39. Qd4 g5 40. Qxe3 Rc2 41. h4 Re2 42. Qc5+ Ke8 43.
Qe5+ Kd7 44. Qf5+ Kc6 45. h3 Re1+ 46. Kh2 Re2+ 47. Kg1 Re1+ 48. Kf2 Re2+ 49. Kf1 Rxa2 50. Qf6+ Ne6 51. Qxf7 Ra1+ 52. Kf2 Kd6 53. hxg5 Ra2+ 54.
Kg3 Ra1 55. g6 b4 56. g7 Rg1+ 57. Kf2 Rxg7 58. Qf6 a5 59. f4 Rc7 60. f5 Re7 61. e5+ Kd5 62. Qxe7 Nd4 63. Qd6+ Ke4 64. f6 b3 65. f7 b2 66. Qb8 Nc6 67. Qxb2 Nxe5 68. Qxe5+ Kxe5 69. f8=Q Kd5 70. Qa3 Kc4 71. Qxa5 1-0

[Event "*** Titled Tuesday Blitz"]
[Site "Chess.com"]
[Date "2018.06.05"]
[Round "9"]
[White "Tash_Boy"]
[Black "1stSecond"]
[Result "1-0"]
[WhiteElo "2692"]
[BlackElo "2604"]
[TimeControl "180+2"]
[EndTime "15:12:22 PDT"]
[Termination "Tash_Boy won by resignation"]

1. e4 e5 2. Nf3 Nc6 3. Bb5 a6 4. Ba4 Nf6 5. O-O Be7 6. d3 b5 7. Bb3 O-O 8. a4 b4 9. a5 Rb8 10. Nbd2 d6 11. Nc4 h6 12. h3 Be6 13. Be3 Rb5 14.
Nfd2 Qa8 15. Ba4 Rbb8 16. Kh1 d5 17. Bxc6 Qxc6 18. Nxe5 Qb5 19. f4 dxe4 20. dxe4 Rfd8 21. Qf3 Bc5 22. b3 Bd4 23. Bxd4 Rxd4 24. Rf2 Rbd8 25. Nd3 c5 26. f5 Bc8 27. e5 Bb7 28. Qg3 Nh5 29.
Qe3 Rxd3 30. cxd3 Rxd3 31. Qe1 Rxh3+ 32. Kg1 Qd3 33. gxh3 Qg3+ 34. Kf1 Qxh3+ 35. Ke2 Qg4+ 36. Nf3 Ng3+ 37. Ke3 Nxf5+ 38. Kd2 Bxf3 39. Kc2 Nd4+ 40. Kb2 Bd5 41. Qe3 Nxb3 42. Raf1 c4 43. Rf4 c3+ 44. Kc2 Qg6+ 45. Qd3 Na1+ 46. Rxa1 Bb3+ 47. Kxb3 Qxd3 48. Kxb4 c2 49. Rc4 Qd2+ 50. Kb3 Qe3+ 51. Rc3 Qxe5 52.
Kxc2 h5 53. Ra4 g5 54. Rac4 h4 55. Rc5 Qe2+ 56. Kb3 Qd2 57. Rc2 Qd8 58. Rc8 Qxc8 59. Rxc8+ Kg7 60. Kc3 h3 61. Kd3 Kg6 62. Ke3 f5 63.
Kf3 g4+ 64. Kg3 Kg5 65. Rg8+ Kf6 66. Kf4 Ke6 67. Rg6+ Kf7 68. Rxa6 h2 69. Rh6 1-0

[Event "*** Titled Tuesday Blitz"]
[Site "Chess.com"]
[Date "2018.06.05"]
[Round "9"]
[White "attack2mateU"]
[Black "GMMatamoros"]
[Result "1/2-1/2"]
[WhiteElo "2683"]
[BlackElo "2533"]
[TimeControl "180+2"]
[EndTime "15:12:42 PDT"]
[Termination "Game drawn by agreement"]

1. e4 c5 2. Nf3 Nc6 3. d4 cxd4 4. Nxd4 e5 5. Nb5 d6 6. c4 Be7 7. N1c3 a6 8. Na3 f5 9. exf5 Bxf5 10. Nc2 Nf6 11. Ne3 Be6 12. Bd3 O-O 13. O-O Qd7 14. Ncd5 Bd8 15. b3 Bxd5 16. cxd5 Ne7 17. Ba3 Kh8 18. Rc1 b5 19. Bb1 Bb6 20. Qd2 Bd4 21. Bb2 Bxb2 22. Qxb2 Nexd5 23. Nxd5 Nxd5 24. Be4 Nf4 25. Bxa8 Rxa8 26. Qc2 h6 27. Qc6 Qd8 28. Kh1 d5 29. Rfd1 e4 30. g3 Nd3 31. Rc2 Nb4 32. Qc5 Nxc2 33. Qxc2 Qd6 34. Qxe4 Rd8 35. Qd4 Qe6 36.
Kg2 Qc6 37. h4 Qe6 38. Rd2 Qc6 39. Re2 Qd6 40. Re5 Qc6 41. Re7 Qg6 42. Ra7 Rd6 43. h5 Qe4+ 44. Qxe4 dxe4 45. g4 g6 46. hxg6 Rxg6 47. Kh3 Rf6 48. Kg3 Kg8 49. a4 bxa4 50. bxa4 Rf3+ 51. Kg2 Rf4 52. Kg3 Rf3+ 53. Kg2 Rf4 54.
Rxa6 Rxg4+ 55. Kh3 Rf4 56. Kg3 Rf3+ 57. Kg2 Kg7 58. Re6 Rf4 59. a5 Rf5 60. a6 Ra5 61. Kg3 h5 62. Kh4 Kf7 63. Rb6 Kg7 64. Kg3 Kf7 65.
Kf4 Kg7 66. Kxe4 h4 67. Kf3 Ra4 68. Kg2 Kf7 69. Kf3 Kg7 70. Ke3 Kf7 71. Kf3 Kg7 72. Kg2 Kf7 73. Kh3 Kg7 74. Rd6 Kf7 75. Kg2 Kg7 76.
Kf3 Kf7 77. Ke3 Kg7 78. f4 h3 79. Kf3 h2 80. Kg2 Rxf4 81. a7 Ra4 82. Rd7+ Kf6 83. Kxh2 Ke6 84. Rb7 Kd6 85. Kg3 1/2-1/2

[Event "*** Titled Tuesday Blitz"]
[Site "Chess.com"]
[Date "2018.06.05"]
[Round "9"]
[White "maximlavrov"]
[Black "TigranLPetrosyan"]
[Result "0-1"]
[WhiteElo "2487"]
[BlackElo "2819"]
[TimeControl "180+2"]
[EndTime "15:12:45 PDT"]
[Termination "TigranLPetrosyan won by resignation"]

1. g3 g6 2. Bg2 Bg7 3. Nf3 Nf6 4. O-O O-O 5. c4 d6 6. Nc3 e5 7. d4 Nbd7 8. e4 c6 9. h3 Re8 10. Re1 a6 11. Qc2 b5 12. dxe5 dxe5 13. Be3 Qe7 14. a3 Bb7 15. b4 Red8 16. Nd2 Nf8 17. Nb3 Ne6 18. Ne2 Nd7 19. Rad1 Rac8 20. Na5 Ba8 21. c5 Nf6 22. f4 Nh5 23. Kh2 Bh6 24. Qc1 exf4 25.
gxf4 Qh4 26. Rxd8+ Rxd8 27. Rf1 Rd3 28. e5 f6 29.
exf6 Nxf6 30. Bf2 Ng4+ 31. Kg1 Nxf2 32. Rxf2 Qd8 33. Qc2 Rxa3 34. Nxc6 Ra1+ 35. Rf1 Rxf1+ 36. Kxf1 Bxc6 37. Bxc6 Bxf4 38. Qe4 Qf6 39. Kg2 Be5 40. Bb7 Nd4 41. Bxa6 Nxe2 42. Qxe2 Qg5+ 43. Qg4 Qd2+ 44. Kf3 Qd3+ 45. Kg2 Qd2+ 46. Kf3 Qd3+ 47. Kg2 Kg7 48. Bb7 Qd2+ 49. Kf3 Qd3+ 50. Kg2 h5 51. Qe4 Qg3+ 52.
Kf1 Qxh3+ 53. Ke2 Qh2+ 54. Qg2 Qf4 55. Qe4 Qh2+ 56. Qg2 Qxg2+ 57. Bxg2 Kf6 58. Kd3 g5 59. Bc6 g4 60. Bxb5 h4 61. Ke4 h3 62. Bf1 Bh2 63.
b5 Kg5 64. b6 Bg1 65. b7 Bh2 66. Ke3 Kh4 67. c6 Bb8 68. Kf2 Ba7+ 69. Ke2 Bb8 70. Kf2 g3+ 71. Kf3 Bc7 72. Ke2 Kg4 73. Ke3 Bb8 74. Ke2 g2 75. Ke1 Kg3 0-1

[Event "*** Titled Tuesday Blitz"]
[Site "Chess.com"]
[Date "2018.06.05"]
[Round "9"]
[White "Durarbayli"]
[Black "maciek_92"]
[Result "1/2-1/2"]
[WhiteElo "2665"]
[BlackElo "2620"]
[TimeControl "180+2"]
[EndTime "15:15:37 PDT"]
[Termination "Game drawn by stalemate"]

1. d4 Nf6 2. Nf3 d5 3. c4 e6 4. Nc3 Be7 5. Bg5 h6 6. Bxf6 Bxf6 7. e3 O-O 8. cxd5 exd5 9. Bd3 c5 10. dxc5 Nc6 11. O-O Bxc3 12. bxc3 Qa5 13. c4 dxc4 14. Bxc4 Qxc5 15. Qc2 Qh5 16. Rab1 Bf5 17. e4 Bg4 18. Rb5 Qg6 19. Nh4 Qf6 20. Nf5 Rac8 21. Rxb7 Bxf5 22. exf5 Ne5 23. Rb4 a5 24. Ra4 Qc6 25. Rc1 Rfd8 26. h3 Qb6 27. Qb3 Qa7 28. Rf1 Rd2 29. Qc3 Rxc4 30.
Rxc4 Nxc4 31. Qxc4 Kh7 32. f6 g6 33. h4 h5 34. g3 Rd6 35. Qf4 Qb6 36. Kg2 Rxf6 37. Qe4 Re6 38. Qf3 Rf6 39. Qd5 Kg7 40. a4 Qb2 41. Qe4 Rf5 42. Qe3 Re5 43. Qf3 Qb4 44.
Rc1 Qxa4 45. Qc3 Qe4+ 46. f3 Qe2+ 47. Kh3 Qe3 48. Qa1 Kh7 49. Rc7 Rf5 50. f4 Qe6 51.
Kh2 Rd5 52. Rc2 Qe4 53. Ra2 Qf5 54. Qc3 Rd1 55. Qf3 Qd5 56. Qxd5 Rxd5 57. Kg2 Kg7 58. Kf3 Kf6 59. Ke4 Ke6 60. Rb2 Rf5 61. Rb6+ Kd7 62. Ra6 Kc7 63. Ra8 Kb7 64. Rd8 Kb6 65. Kd4 Kb5 66. Kc3 Kc5 67. Rd4 Rd5 68. Re4 Rf5 69. Re7 Kd6 70. Ra7 Rc5+ 71. Kd4 Rf5 72. Kc4 Kc6 73. Kc3 Kb5 74. Rb7+ Ka4 75. Ra7 Rc5+ 76. Kd4 Rf5 77. Kc3 Ka3 78. Rb7 a4 79. Kc2 Rc5+ 80. Kd2 f5 81. Rb6 Rc4 82. Rxg6 Kb3 83. Rb6+ Rb4 84.
Rc6 a3 85. Rc3+ Ka2 86. Kc1 Rb3 87. Rc5 Rxg3 88. Rxf5 Rg4 89. Rxh5 Rxf4 90. Rh8 Rc4+ 91. Kd2 Rb4 92. Kc2 Rb2+ 93. Kc1 Rb3 94. h5 Rc3+ 95. Kd2 Kb2 96. Ra8 Rh3 97. h6 Rxh6 98. Rb8+ Ka2 99. Kc2 Rc6+ 100. Kd2 Rh6 101. Kc2 Rh2+ 102.
Kc1 Rb2 103. Rc8 Rb1+ 104. Kc2 Rh1 105. Rc3 Rh2+ 106. Kc1 Rb2 107. Rd3 Rb3 108. Rxb3 Kxb3 109. Kb1 a2+ 110. Ka1 Ka3 1/2-1/2